 Dungeon Crawl Stone Soup version 0.23.2-11-gf996548c65 (webtiles) character file.

Game seed: 17681349430875540435

6573 MalarOregon the Grappler (level 11, -4/97 HPs)
             Began as a Ghoul Gladiator on June 3, 2019.
             Was an Initiate of Makhleb.
             Slain by a death yak (27 damage)
             ... on level 9 of the Dungeon.
             The game lasted 00:29:15 (10998 turns).

MalarOregon the Grappler (Ghoul Gladiator)         Turns: 10998, Time: 00:29:15

Health: -4/97      AC:  6    Str: 29 (31) XL:     11   Next: 1%
Magic:  10/10      EV: 22    Int:  1 (6)  God:    Makhleb [......]
Gold:   363        SH:  0    Dex: 14 (17) Spells: 7/10 levels left

rFire    . . .     SeeInvis .     - Unarmed
rCold    + . .     Gourm    .   (no shield)
rNeg     + + +     Faith    .   i - +2 robe {Archmagi}
rPois    ∞         Spirit   .   b - +1 helmet
rElec    .         Reflect  .   (no cloak)
rCorr    .         Harm     .   (no gloves)
MR       +....                  (no boots)
Stlth    +++.......             (no amulet)
HPRegen  0.00/turn              q - ring of Govveaph {MR+ Str+6 Int-3 Stlth+}
MPRegen  0.12/turn              f - +6 ring of strength

@: brilliant, agile, rotting, slowed, lost intelligence, very slow
A: rotting body, claws 1, carnivore, cold resistance 1, negative energy
resistance 3, inhibited regeneration, torment resistance, unbreathing
a: Renounce Religion


You were on level 9 of the Dungeon.
You worshipped Makhleb.
Makhleb was noncommittal.
You were very hungry.

You visited 2 branches of the dungeon, and saw 10 of its levels.
You also visited: Sewer.

You collected 429 gold pieces.
You spent 66 gold pieces at shops.

Inventory:

Missiles
 s - 6 steel tomahawks (quivered)
 x - 5 throwing nets {!f}
 C - 3 exploding tomahawks
 H - 5 tomahawks of returning
Armour
 b - a +1 helmet (worn)
 i - a +2 robe of the Archmagi (worn)
   (You took it off an orc wizard on level 4 of the Dungeon)
 y - a +2 leather armour of fire resistance
   (You took it off Eustachio on level 6 of the Dungeon)
Jewellery
 f - a +6 ring of strength (right claw)
   (You found it on level 3 of the Dungeon)
 l - an uncursed ring of protection from magic
   (You found it on level 6 of the Dungeon)
 m - an uncursed amulet of the gourmand {unknown}
   (You found it on level 2 of the Dungeon)
 q - the ring of Govveaph (left claw) {MR+ Str+6 Int-3 Stlth+}
   (You found it in a sewer)

   [ring of protection from magic]

   It affects your strength (+6).
   It affects your intelligence (-3).
   It affects your resistance to hostile enchantments.
   It makes you more stealthy.
 t - a +3 ring of protection {unknown}
   (You found it on level 8 of the Dungeon)
 F - an uncursed ring of fire {unknown}
   (You found it on level 8 of the Dungeon)
Wands
 c - a wand of disintegration (17)
   (You found it on level 6 of the Dungeon)
 h - a wand of enslavement (4)
   (You found it on level 6 of the Dungeon)
Scrolls
 j - 2 scrolls of remove curse {@r2}
 k - a scroll of magic mapping
 p - 2 scrolls of enchant armour
 w - a scroll of immolation {!r}
 z - 2 scrolls of fog
 B - a scroll of teleportation {@r4}
Potions
 d - a potion of degeneration {!q}
 g - a potion of berserk rage
 n - a potion of cancellation
 r - 2 potions of resistance
 v - a potion of mutation
Comestibles
 e - 26 rations {!d}


   Skills:
 + Level 9.3 Fighting
 + Level 7.7 Throwing
 + Level 8.0 Dodging
 + Level 9.6 Unarmed Combat


You had 7 spell levels left.
You knew the following spells:

 Your Spells              Type           Power        Failure   Level  Hunger
q - Vampiric Draining     Necr           #.........   22%         3    ####...

Your spell library contained the following spells:

 Spells                   Type           Power        Failure   Level  Hunger
 Animate Skeleton         Necr           N/A          8%          1    ##.....
 Freeze                   Ice            #...         8%          1    ##.....
 Pain                     Necr           #...         8%          1    ##.....
 Throw Frost              Conj/Ice       #.....       12%         2    ###....
 Ozocubu's Armour         Chrm/Ice       #.......     22%         3    ####...
 Regeneration             Chrm/Necr      #.........   22%         3    ####...
 Animate Dead             Necr           N/A          52%         4    #####..
 Summon Ice Beast         Ice/Summ       #.......     52%         4    #####..
 Throw Icicle             Conj/Ice       #.......     52%         4    #####..


Dungeon Overview and Level Annotations

Branches:
Dungeon (9/15)             Temple (1/1) D:7            Lair (0/6) D:9
    Orc: D:9-12

Altars:
Ashenzari
Cheibriados
Elyvilon
Fedhas
Gozag
Hepliaklqana
Kikubaaqudgha
Makhleb
Nemelex Xobeh
Okawaru
Qazlal
Ru
Sif Muna
Trog
Vehumet
Wu Jian
Xom
Yredelemnul
Zin
The Shining One

Shops:
D:4 *   D:8 [


Innate Abilities, Weirdness & Mutations

Your body is rotting away.
You thrive on raw meat.
You are immune to poison.
You have sharp fingernails.
You are carnivorous and can eat meat at any time.
Your flesh is cold resistant. (rC+)
You are immune to negative energy. (rN+++)
You do not regenerate when monsters are visible.
You are immune to unholy pain and torment.
You can survive without breathing.


Message History

There is an open door here.
o - a potion of agility The death yak is too close now for your liking.
The death yak bellows!
Okay, then.
Okay, then.
Okay, then.
Okay, then.
It was a potion of degeneration.
There was something very wrong with that liquid.
You feel weakened.
You feel dopey.
You have lost your intelligence.
You feel clumsy.
You can move again.
It was a potion of brilliance.
You feel clever all of a sudden.
It was a potion of mutation.
You feel extremely strange.
Your body decomposes!
You feel dopey.
Your body decomposes!
You feel dopey.
It was a potion of lignification.
You feel woody for a moment. The death yak gores you. The death yak gores you!!
It was a potion of heal wounds.
You feel much better. The death yak barely misses you.
Okay, then.
You feel agile all of a sudden. The death yak closely misses you.
The death yak gores you!
You claw the death yak! The death yak gores you!!
You scratch the death yak but do no damage.
The death yak misses you. The death yak gores you.
* * * LOW HITPOINT WARNING * * *
You barely miss the death yak. You claw the death yak.
The death yak closely misses you.
You claw the death yak! The death yak closely misses you.
You scratch the death yak. The death yak gores you!!
* * * LOW HITPOINT WARNING * * *
You feel much better. The death yak completely misses you.
The death yak gores you!!
* * * LOW HITPOINT WARNING * * *
You feel much better. The death yak misses you.
You barely miss the death yak. The death yak gores you!!
* * * LOW HITPOINT WARNING * * *
The death yak closely misses you.
You feel better. The death yak completely misses you.
You feel better. The death yak gores you!!
* * * LOW HITPOINT WARNING * * *
The death yak gores you!
* * * LOW HITPOINT WARNING * * *
You feel better. The death yak gores you!!
You die...

#........................# ...
#...........#............##...
#........##.##[...........#...
##.....................#..# #.
......##.##......#...#....###.
##.... #.........#...#........
#....##......#...............
###..........#...............
###.........@#...............
.............Y...............
........######.............##
........######...............
........##...#...........####
........##...#.....(÷........
#.......##...#...............
#######......#.....(.........
###########......#....(......####


You could see a death yak.

Vanquished Creatures
  2 death yaks (D:9)
  A two-headed ogre (D:8)
  A cyclops (D:7)
  A hippogriff (D:9)
  Sigmund (D:5)
  3 yaks (D:9)
  2 hungry ghosts
  Eustachio (D:6)
  Edmund (D:4)
  Menkaure (D:5)
  3 orc warriors (D:8)
  4 ice beasts
  A phantom (D:9)
  2 ogres (D:8)
  A centaur (D:4)
  2 crocodiles
  2 bullfrogs
  A wyvern skeleton (D:8)
  5 killer bees (D:7)
  5 scorpions
  A water moccasin skeleton (D:4)
  3 howler monkeys
  5 crimson imps
  A bullfrog zombie (D:8)
  A jelly (D:2)
  A centaur skeleton (D:8)
  A hound (D:4)
  5 orc wizards
  4 worker ants
  Natasha (thrice) (D:3)
  A hound zombie (D:8)
  A hound skeleton (D:5)
  2 worker ant zombies
  A howler monkey skeleton (D:6)
  4 gnolls (D:2)
  13 adders
  A shadow imp (D:8)
  4 oozes
  An adder zombie (D:8)
  2 worms (D:4)
  A dart slug (D:1)
  2 leopard geckos
  26 orcs
  13 bats
  5 giant cockroaches
  7 goblins
  8 hobgoblins
  8 jackals
  5 kobolds
  5 quokkas
  2 ball pythons
  8 frilled lizards
  A jackal skeleton (D:8)
  A leopard gecko skeleton (D:5)
  11 rats
198 creatures vanquished.

Notes
Turn   | Place    | Note
-------+----------+-------------------------------------------
     0 | D:1      | MalarOregon the Ghoul Gladiator began the quest for the
                  | Orb.
     0 | D:1      | Reached XP level 1. HP: 17/17 MP: 0/0
   230 | D:1      | Reached XP level 2. HP: 10/25 MP: 1/1
   507 | D:1      | Reached XP level 3. HP: 28/30 MP: 2/2
  1103 | D:2      | Reached XP level 4. HP: 32/38 MP: 3/3
  1214 | D:2      | Found a glowing silver altar of Zin.
  1235 | D:2      | Reached XP level 5. HP: 34/45 MP: 4/4
  1884 | D:2      | Found a blossoming altar of Fedhas.
  2070 | D:3      | Found a white marble altar of Elyvilon.
  2085 | D:3      | Found a glowing drain.
  2114 | Sewer    | Entered a sewer
  2206 | Sewer    | Noticed a crocodile
  2229 | Sewer    | Killed a crocodile
  2229 | Sewer    | Reached XP level 6. HP: 49/52 MP: 5/5
  2250 | Sewer    | Got a vibrating marble ring
  2277 | D:3      | Identified the ring of Govveaph {MR+ Str+6 Int-3 Stlth+}
                  | (You found it in a sewer)
  2278 | D:3      | Lost intelligence.
  2312 | D:3      | Found a sacrificial altar of Ru.
  2362 | D:3      | Found a shattered altar of Ashenzari.
  2716 | D:3      | Noticed Natasha
  2722 | D:3      | Killed Natasha
  3233 | D:3      | Found a shattered altar of Ashenzari.
  3243 | D:3      | Noticed Natasha
  3261 | D:3      | Killed Natasha
  3365 | D:3      | Found a sacrificial altar of Ru.
  3408 | D:3      | Found a white marble altar of Elyvilon.
  3435 | D:3      | Noticed Natasha
  3439 | D:3      | Killed Natasha
  3540 | D:4      | Reached skill level 5 in Unarmed Combat
  3792 | D:4      | Reached XP level 7. HP: 60/60 MP: 6/6
  3988 | D:4      | Found Nugep's General Store.
  3992 | D:4      | Bought a potion of curing for 33 gold pieces
  3992 | D:4      | Bought a scroll of teleportation for 33 gold pieces
  4039 | D:4      | Found an iron altar of Okawaru.
  4174 | D:4      | Reached skill level 5 in Fighting
  4296 | D:4      | Found a deep blue altar of Sif Muna.
  4311 | D:4      | Noticed Edmund
  4642 | D:4      | Killed Edmund
  4642 | D:4      | Reached XP level 8. HP: 66/66 MP: 7/7
  5032 | D:5      | Entered Level 5 of the Dungeon
  5062 | D:5      | Reached skill level 5 in Dodging
  5264 | D:5      | Noticed Sigmund
  5269 | D:5      | Killed Sigmund
  5721 | D:5      | Noticed Menkaure
  5724 | D:5      | Killed Menkaure
  5724 | D:5      | Reached skill level 5 in Throwing
  5818 | D:6      | Found a sparkling altar of Nemelex Xobeh.
  5886 | D:6      | Reached XP level 9. HP: 77/77 MP: 8/8
  6053 | D:6      | Noticed Eustachio
  6062 | D:6      | Killed Eustachio
  6117 | D:6      | Learned a level 3 spell: Vampiric Draining
  6280 | D:7      | Found a staircase to the Ecumenical Temple.
  6287 | Temple   | Entered the Ecumenical Temple
  6720 | D:7      | Found a bloodstained altar of Trog.
  6734 | D:7      | Noticed a cyclops
  6767 | D:7      | Found a burning altar of Makhleb.
  6773 | D:7      | Became a worshipper of Makhleb the Destroyer
  7803 | D:7      | Found a burning altar of Makhleb.
  8154 | D:7      | Found a bloodstained altar of Trog.
  8199 | D:7      | Killed a cyclops
  8448 | D:7      | Found a staircase to the Ecumenical Temple.
  8760 | D:8      | Noticed a two-headed ogre
  8770 | D:8      | Killed a two-headed ogre
  8770 | D:8      | Reached XP level 10. HP: 64/88 MP: 9/9
  9299 | D:8      | Found Zajieq's Armour Emporium.
  9539 | D:8      | Found a glowing golden altar of the Shining One.
  9852 | D:9      | Noticed a death yak
 10030 | D:9      | Noticed a death yak
 10073 | D:9      | Killed a death yak
 10100 | D:9      | Noticed a death yak
 10122 | D:9      | Killed a death yak
 10636 | D:9      | Found a staircase to the Lair.
 10684 | D:9      | Reached XP level 11. HP: 41/97 MP: 10/10
 10980 | D:9      | Lost intelligence.
 10998 | D:9      | Slain by a death yak

Skill      XL: |  1  2  3  4  5  6  7  8  9 10 |
---------------+-------------------------------+-----
Throwing       | 2 3 4 5 6 7 |  7.7
Dodging        | 3 4 5 7 8 |  8.0
Fighting       | 3 4 5 6 8 9 |  9.3
Unarmed Combat | 4 5 7 8 9 |  9.6

Action                   |  1- 3 |  4- 6 |  7- 9 | 10-12 || total
-------------------------+-------+-------+-------+-------++-------
Melee: Unarmed           |   125 |   215 |   176 |    83 ||   599
       Punch             |     1 |     4 |     8 |     5 ||    18
Throw: Javelin           |       |       |   112 |    66 ||   178
       Tomahawk          |       |       |     7 |     6 ||    13
  Use: Scroll            |       |     7 |    12 |     2 ||    21
       Potion            |       |     2 |     2 |    13 ||    17
 Stab: Sleeping          |     1 |     1 |     1 |       ||     3
  Eat: Chunk             |     6 |    11 |    23 |     2 ||    42
Armor: Leather armour    |    31 |    64 |    21 |       ||   116
       Robe              |       |       |    28 |     9 ||    37
Dodge: Dodged            |    89 |   169 |   165 |    59 ||   482
